 Dungeon Crawl Stone Soup version 0.32-a0-612-g1c984fe9d1 (webtiles) character file.

Game seed: 4931016502173906763

3894 Drazool the Skirmisher (level 10, -6/76 HPs)
             Began as a Coglin Hunter on Mar 5, 2024.
             Was a Believer of Okawaru.
             Mangled by a death yak (13 damage)
             ... on level 8 of the Dungeon.
             The game lasted 00:20:20 (6711 turns).

Drazool the Skirmisher (Coglin Hunter)              Turns: 6711, Time: 00:20:21

Health: -6/76      AC:  6    Str: 12    XL:     10   Next: 19%
Magic:  13/13      EV: 18    Int:  9    God:    Okawaru [**....]
Gold:   292        SH:  0    Dex: 21    Spells: 9/9 levels left

rFire   . . .        a - +2 sling {Agathocles}
rCold   . . .        d - +0 sling {Goro}
rNeg    . . .        c - +0 leather armour
rPois   .            (no helmet)
rElec   .            (no cloak)
rCorr   .            j - +2 pair of gloves
SInv    .            (no boots)
Will    .....        (amulet unavailable)
Stlth   ++++         (ring unavailable)
HPRegen 0.32/turn    (ring unavailable)
MPRegen 0.13/turn    (no gizmo)

%: no passive effects
@: mighty, heroic, revved
A: off-hand wielding, slow wielding, warmup strikes, no jewellery
a: Invent Gizmo, Renounce Religion, Heroism


You were on level 8 of the Dungeon.
You worshipped Okawaru.
Okawaru was pleased with you.
You visited 2 branches of the dungeon, and saw 9 of its levels.

You collected 500 gold pieces.
You spent 208 gold pieces at shops.


Innate Abilities, Weirdness & Mutations

You can wield a second weapon in your off-hand.
It takes a long time for you to wield or remove held weapons.
Your first few attacks do less damage.
You cannot equip rings or amulets.


   Skills:
 - Level 6.0(11.0) Fighting
 + Level 10.4(15.4) Ranged Weapons
 - Level 4.0(9.0) Dodging
 - Level 3.0(8.0) Stealth
 - Level 4.0 Invocations
 - Level 4.0 Evocations


You had 9 spell levels left.
You didn't know any spells.
Your spell library contained the following spells:

 Spells                   Type           Power      Damage    Failure   Level
 Apportation              Tloc           0%         N/A       45%         1
 Necrotise                Necr           0%         1d4       45%         1
 Shock                    Conj/Air       0%         1d3       45%         1
 Sting                    Conj/Alch      0%         1d3       45%         1
 Dazzling Flash           Conj/Hex       0%         N/A       83%         3
 Mephitic Cloud           Conj/Alch/Air  0%         N/A       83%         3
 Swiftness                Air            0%         N/A       83%         3
 Airstrike                Air            0%         2d(0-16)  99%         4
 Curse of Agony           Necr           0%         N/A       100%        5
 Silence                  Hex/Air        0%         N/A       100%        5
 Summon Small Mammal      Summ           Unusable   N/A       N/A         1

Inventory:

Hand Weapons
 a - a +2 sling (weapon) {Agathocles}
 d - a +0 sling (offhand) {Goro}
 w - a +2 arbalest of freezing {Servia}
Armour
 c - a +0 leather armour (worn)
 j - a +2 pair of gloves (worn)
Magical Staves
 t - a staff of cold {!a}
Wands
 l - a wand of flame (29)
 s - a wand of roots (8)
 x - a wand of polymorph (11)
Scrolls
 b - a scroll of butterflies
 e - 6 scrolls of teleportation {@r2}
 o - 3 scrolls of immolation
 u - a scroll of fog
 v - a scroll of amnesia
Potions
 f - 6 potions of curing {@q1}
 g - 4 potions of mutation {unknown}
 i - 3 potions of magic {unknown}
 k - 4 potions of enlightenment
 m - 2 potions of heal wounds {@q2}
 n - 2 potions of ambrosia {unknown}
 p - 2 potions of brilliance
 q - a potion of lignification {unknown}

Dungeon Overview and Level Annotations

Branches:
Dungeon (8/15)             Temple (1/1) D:5            Lair (0/5) D:8

Altars:
Ashenzari
Cheibriados
Dithmenos
Elyvilon
Gozag
Hepliaklqana
Kikubaaqudgha
Makhleb
Nemelex Xobeh
Okawaru
Qazlal
Ru
Sif Muna
Trog
Uskayaw
Vehumet
Wu Jian
Xom
Yredelemnul
Zin
The Shining One

Shops:
D:5 ( D:8

!: ###..## #...>##
##.....# ##....#
.....#.######....##
.#..#..##...Y.†..#
[.........######.#
).##..##### #.#
.##..## #Y# )...##
#Y# [..## ###@#
(.## #...# ).#
#...# ..# #...#
..## ###...#
...#########.....#
#....#.......#...#
..........####...#
#..######.## #...#


You could see a death yak and a yak.


Message History

The death yak gores you!
* * * LOW HITPOINT WARNING * * *
You shoot a sling bullet.
The sling bullet hits the death yak but does no damage.
The death yak is almost dead.
You shoot a sling bullet. The sling bullet hits the death yak!
The death yak is almost dead.
Unknown command.
You shoot a sling bullet.
The sling bullet hits the death yak but does no damage.
The death yak is almost dead.
You shoot a sling bullet. The sling bullet hits the death yak.
The death yak is almost dead.
The death yak misses you.
Unknown command.
You shoot a sling bullet.
The sling bullet hits the death yak but does no damage.
The death yak is almost dead.
You shoot a sling bullet. The sling bullet hits the death yak.
The death yak is almost dead.
The death yak misses you.
Unknown command.
You shoot a sling bullet. The sling bullet hits the death yak.
The death yak is almost dead.
You shoot a sling bullet.
The sling bullet barely misses the death yak.
The sling bullet hits the yak.
The yak is moderately wounded.
The death yak gores you!
You die...

Skill      XL: |  1  2  3  4  5  6  7  8  9 10 |
---------------+-------------------------------+-----
Ranged Weapons | 4 5 6 7 8 9 10 | 10.4
Dodging        | 2 4 |  4.0
Fighting       | 4 6 |  6.0
Invocations    | 3 4 |  4.0
Stealth        | 3 |  3.0
Evocations     | 4 |  4.0

Action                     |  1- 3 |  4- 6 |  7- 9 | 10-12 || total
---------------------------+-------+-------+-------+-------++-------
   Fire: Sling             |   164 |   210 |   766 |   180 ||  1320
 Invoke: Heroism           |       |       |     5 |     1 ||     6
  Evoke: Wand              |       |       |     5 |       ||     5
    Use: Scroll            |       |     4 |     6 |       ||    10
         Potion            |       |       |       |     1 ||     1
 Armour: Leather armour    |    10 |    22 |   113 |    19 ||   164
  Dodge: Dodged            |     7 |    11 |    95 |    22 ||   135

Levels and vault maps discovered:
D:1:      erik_arrival_blinker_ship, layout_basic, hangedman_decor_push
D:2:      layout_basic, nicolae_ecumenical_oubliette, st_stairs_1
D:3:      layout_basic, nicolae_ru_awakened_eye, st_stairs_14, kennysheep_nub,
          kennysheep_generic_room_12
D:4:      layout_gridville, uniq_edmund, uniq_menkaure
D:5:      layout_gridville, nicolae_overflow_hallway_of_the_gods,
          minmay_temple_entry_stoned_glass, serial_shops, nicolae_square_shop,
          nicolae_elevator_lobby_asterisk
D:6:      layout_rooms, grunt_dithmenos_smoke_and_mirrors
D:7:      layout_loops_ring, uniq_duvessa
D:8:      layout_rooms, kennysheep_mini, general_overflow_altar,
          dpeg_lair_monsters, serial_shops, shop, nicolae_shop_self_help
Temple:   nicolae_temple_ecumenical_triangle

Notes
Turn   | Place    | Note
-------+----------+-------------------------------------------
     0 | D:1      | Drazool the Coglin Hunter began the quest for the Orb.
     0 | D:1      | Reached XP level 1. HP: 16/16 MP: 1/1
    84 | D:1      | Reached skill level 4 in Ranged Weapons
    84 | D:1      | Reached XP level 2. HP: 22/22 MP: 2/2
   650 | D:2      | Reached XP level 3. HP: 27/27 MP: 3/3
   707 | D:2      | Identified the +5 whip of the Nexus {venom, *Slow Dex+7}
   777 | D:2      | Found a faded altar of an unknown god.
  1448 | D:3      | Reached skill level 5 in Ranged Weapons
  1448 | D:3      | Reached XP level 4. HP: 22/33 MP: 4/4
  1617 | D:3      | Reached XP level 5. HP: 34/38 MP: 5/5
  1625 | D:3      | Reached skill level 6 in Ranged Weapons
  1887 | D:3      | Reached XP level 6. HP: 42/44 MP: 6/6
  2201 | D:3      | Found a sacrificial altar of Ru.
  2309 | D:4      | Noticed Edmund
  2320 | D:4      | Killed Edmund
  2321 | D:4      | Reached skill level 7 in Ranged Weapons
  2565 | D:4      | Reached XP level 7. HP: 50/50 MP: 7/7
  2727 | D:4      | Noticed Menkaure
  3138 | D:4      | Killed Menkaure
  3236 | D:5      | Entered Level 5 of the Dungeon
  3272 | D:5      | Reached skill level 8 in Ranged Weapons
  3498 | D:5      | Found a glowing golden altar of the Shining One.
  3505 | D:5      | Found a radiant altar of Vehumet.
  3508 | D:5      | Found a white marble altar of Elyvilon.
  3508 | D:5      | Found a snail-covered altar of Cheibriados.
  3529 | D:5      | Found a hide-covered altar of Uskayaw.
  3548 | D:5      | Found a staircase to the Ecumenical Temple.
  3593 | Temple   | Entered the Ecumenical Temple
  3606 | Temple   | Became a worshipper of Warmaster Okawaru
  3718 | D:5      | Reached skill level 2 in Dodging
  3718 | D:5      | Reached XP level 8. HP: 56/56 MP: 8/8
  3791 | D:5      | Found Kuhuodei's Weapon Boutique.
  3924 | D:6      | Reached skill level 3 in Fighting
  3999 | D:6      | Reached * piety under Okawaru
  4000 | D:6      | Reached skill level 3 in Dodging
  4091 | D:6      | Reached skill level 1 in Invocations
  4164 | D:6      | Found a shadowy altar of Dithmenos.
  4349 | D:6      | Reached skill level 2 in Invocations
  4355 | D:6      | Reached skill level 4 in Fighting
  4513 | D:7      | Reached skill level 4 in Dodging
  4513 | D:7      | Reached skill level 3 in Invocations
  4554 | D:7      | Noticed Dowan
  4616 | D:7      | Reached XP level 9. HP: 43/65 MP: 11/11
  4709 | D:7      | Reached skill level 4 in Invocations
  4709 | D:7      | Reached skill level 1 in Stealth
  4776 | D:7      | Reached skill level 2 in Stealth
  5162 | D:7      | Reached skill level 3 in Stealth
  5162 | D:7      | Reached skill level 1 in Evocations
  5205 | D:7      | Reached skill level 2 in Evocations
  5246 | D:7      | You fall into a shaft and drop 1 floor!
  5250 | D:8      | Found a hazy altar of Hepliaklqana.
  5279 | D:8      | Reached ** piety under Okawaru
  5280 | D:8      | Reached skill level 3 in Evocations
  5283 | D:8      | Reached skill level 4 in Evocations
  5477 | D:8      | Reached skill level 5 in Fighting
  5596 | D:8      | Found a staircase to the Lair.
  5598 | D:8      | Noticed a death yak
  5662 | D:8      | Reached skill level 6 in Fighting
  5831 | D:7      | Reached skill level 9 in Ranged Weapons
  6090 | D:7      | Noticed Duvessa
  6097 | D:7      | Killed Duvessa
  6100 | D:7      | Killed Dowan
  6218 | D:7      | Reached XP level 10. HP: 68/76 MP: 13/13
  6400 | D:8      | Found Edamioxo's Self-Improvement Boutique.
  6464 | D:8      | Reached skill level 10 in Ranged Weapons
  6475 | D:8      | Found Soyv's Distillery.
  6494 | D:8      | Bought a potion of heal wounds for 65 gold pieces
  6494 | D:8      | Bought a potion of might for 52 gold pieces
  6494 | D:8      | Bought a potion of curing for 39 gold pieces
  6494 | D:8      | Bought a potion of brilliance for 52 gold pieces
  6524 | D:8      | Found an opulent altar of Gozag.
  6689 | D:8      | Reached *** piety under Okawaru
  6707 | D:8      | HP: 6/76 [death yak (16)]
  6711 | D:8      | Mangled by a death yak

Vanquished Creatures
  4 yaks
  A steam dragon (D:8)
  Menkaure (D:4)
  Edmund (D:4)
  Duvessa (D:7)
  2 water moccasins
  5 ice beasts
  2 sky beasts (D:7)
  2 orc warriors
  An ogre (D:6)
  A centaur (D:6)
  A kobold brigand (D:8)
  3 bullfrogs
  A scorpion (D:7)
  Dowan (D:7)
  3 howler monkeys
  A bombardier beetle (D:4)
  4 jellies
  5 orc priests
  5 hounds
  2 iguanas
  13 orc wizards
  A hell rat (D:8)
  5 gnolls
  A river rat (D:8)
  6 adders
  A white imp (D:8)
  6 ufetubi (D:6)
  2 ribbon worms
  A dart slug (D:3)
  38 orcs
  5 endoplasms
  3 giant cockroaches
  8 goblins
  6 hobgoblins
  8 jackals
  6 kobolds
  2 quokkas
  3 ball pythons
  7 bats
  4 frilled lizards
  3 rats
176 creatures vanquished.

Table legend: (Time is in decaauts)
 A = Elapsed time spent in this place.
 B = Non-inter-level travel time spent in this place.
 C = Inter-level travel time spent in this place.
 D = Time resting spent in this place.
 E = Time spent auto-exploring this place.
 F = Levels seen in this place.
 G = Mean time per level.
                   A        B        C        D        E       F      G
               +--------+--------+--------+--------+--------+-----+--------+
         Total |   6729 |   6383 |    346 |    811 |   4174 |   9 |  747.7 |
       Dungeon |   6709 |   6371 |    338 |    811 |   4174 |   8 |  838.6 |
        Temple |     20 |     13 |      7 |      0 |      0 |   1 |   20.0 |
               +--------+--------+--------+--------+--------+-----+--------+

Top non-repeatable levels by time:
     D:7: 1322 daAuts
     D:3: 1101 daAuts
     D:8: 911 daAuts
     D:4: 855 daAuts
     D:2: 798 daAuts
     D:1: 657 daAuts
     D:6: 561 daAuts
     D:5: 501 daAuts
  Temple: 20 daAuts

Table legend:
 A = Non-vault XP
 B = Vault XP
 C = Vault XP percentage of total XP
 D = Non-vault monster count
 E = Vault monster count
 F = Vault count percentage of total count
                 A         B        C        D         E       F
            +---------+---------+-------+---------+---------+-------
      Total |    4115 |    1448 |  26.0 |     159 |      17 |   9.7
            +---------+---------+-------+---------+---------+-------
        D:1 |      33 |       0 |   0.0 |      20 |       0 |   0.0
        D:2 |      38 |       6 |  13.6 |      13 |       3 |  18.8
        D:3 |     294 |      19 |   6.1 |      31 |       4 |  11.4
        D:4 |      81 |     330 |  80.3 |       8 |       2 |  20.0
        D:5 |     435 |       0 |   0.0 |      17 |       0 |   0.0
        D:6 |     867 |       0 |   0.0 |      16 |       0 |   0.0
        D:7 |    1273 |     431 |  25.3 |      21 |       3 |  12.5
        D:8 |    1094 |     662 |  37.7 |      33 |       5 |  13.2
            +---------+---------+-------+---------+---------+-------
